 Dungeon Crawl Stone Soup version 0.20.1-1-g8b1a95d (webtiles) character file.

95 pstr the Conjurer (level 4, -3/24 HPs)
             Began as a Kobold Conjurer on Nov 18, 2017.
             Slain by a howler monkey (7 damage)
             ... on level 4 of the Dungeon.
             The game lasted 00:05:50 (2180 turns).

pstr the Conjurer (Kobold Conjurer)                 Turns: 2180, Time: 00:05:52

Health: -3/24      AC:  4    Str:  5    XL:     4   Next: 95%
Magic:  4/8        EV: 15    Int: 17    God:
Gold:   118        SH:  0    Dex: 15    Spells: 5/8 levels left

rFire    . . .     SeeInvis .   (weapon restricted)
rCold    . . .     Gourm    .   (shield restricted)
rNeg     . . .     Faith    +   a - +0 robe
rPois    .         Spirit   .   m - +1 helmet
rElec    .         Reflect  .   (no cloak)
rCorr    .         Harm     .   (no gloves)
MR       +....                  (no boots)
Stlth    ++........             s - amulet of faith
Regen    0.1/turn               o - ring of protection from magic
MPRegen  0.2/turn               (no ring)

@: no status effects
A: carnivore 3
a: no special abilities


You were on level 4 of the Dungeon.
You were completely stuffed.

You visited 1 branch of the dungeon, and saw 3 of its levels.

You collected 118 gold pieces.

Inventory:

Missiles
 d - 70 stones (quivered)
Armour
 a - a +0 robe (worn)
 k - a +0 ring mail
 m - a +1 helmet (worn)
 r - a +0 leather armour
 t - a +0 ring mail
Jewellery
 o - a ring of protection from magic (left hand)
 s - an amulet of faith (around neck)
Scrolls
 e - a scroll of immolation {unknown}
 g - a scroll of identify
 h - a scroll of remove curse {unknown}
 i - a scroll of enchant armour {unknown}
 j - a scroll of blinking {unknown}
 l - a scroll of random uselessness {unknown}
Potions
 n - a potion of haste {unknown}
 p - a potion of lignification
 q - a potion of invisibility {unknown}
 u - a potion of mutation {unknown}
Books
 b - a book of Conjurations

   Spells                             Type                      Level
   a - Magic Dart                     Conjuration                  1
   b - Searing Ray                    Conjuration                  2
   c - Dazzling Spray                 Conjuration/Hexes            3
   d - Fulminant Prism                Conjuration/Hexes            4
   e - Force Lance                    Conjuration/Translocation    4
   f - Iskenderun's Mystic Blast      Conjuration                  4
Comestibles
 c - 2 meat rations
 f - 2 royal jellies
 v - a chunk of flesh


   Skills:
 + Level 2.6 Dodging
 + Level 3.5 Stealth
 + Level 2.9 Spellcasting
 + Level 5.2 Conjurations


You had 5 spell levels left.
You knew the following spells:

 Your Spells              Type           Power        Failure   Level  Hunger
a - Magic Dart            Conj           ###.         1%          1    None
b - Searing Ray           Conj           ###...       3%          2    ##.....


Dungeon Overview and Level Annotations

Branches:
Dungeon (2/15)

Altars:

Annotations:
D:4 Blork the orc, Grinder


Innate Abilities, Weirdness & Mutations

You are small and have problems with some larger weapons.
You are carnivorous and can eat meat at any time.


Message History

Casting: Searing Ray
Confirm with . or Enter, or press ? or * to list all spells.
Aiming: Searing Ray
Press: ? - help, Shift-Dir - straight line, f - orc
Aim: an orc, wielding a short sword The searing ray hits the howler monkey.
The howler monkey is moderately wounded. (Press . to maintain the ray.)
The orc shouts!
The howler monkey misses you.
The searing ray hits the howler monkey.
The howler monkey is heavily wounded.
The howler monkey hits you.
The searing ray misses the howler monkey.
The searing ray hits the orc.
The orc is almost dead.
The howler monkey hits you.
* * * LOW HITPOINT WARNING * * *
The howler monkey hits you!
You die...

# .# ####.#
#######....# #
##...##!..#####....
#........oh@....o..
#.....#.55#####.###
#...........#
#......####.#
#......# .#
#..#.### .o #..#.#
.## ....5. .#


You could see Grinder, a howler monkey, a crimson imp and 2 orcs.

Vanquished Creatures
  Jessica (D:2)
  2 adders (D:2)
  2 worms (D:2)
  A dart slug (D:2)
  A leopard gecko (D:1)
  2 giant cockroaches
  7 goblins
  5 hobgoblins (D:1)
  4 jackals (D:2)
  6 bats
  4 frilled lizards (D:1)
  3 kobolds
  6 rats
44 creatures vanquished.

Notes
Turn   | Place    | Note
-------+----------+-------------------------------------------
     0 | D:1      | pstr the Kobold Conjurer began the quest for the Orb.
     0 | D:1      | Reached XP level 1. HP: 10/10 MP: 3/3
   383 | D:1      | Reached XP level 2. HP: 15/15 MP: 0/5
   387 | D:1      | Learned a level 2 spell: Searing Ray
   959 | D:1      | Reached XP level 3. HP: 19/19 MP: 4/6
  1616 | D:2      | Reached XP level 4. HP: 24/24 MP: 4/7
  1617 | D:2      | Reached skill level 5 in Conjurations
  2097 | D:2      | Noticed Jessica
  2100 | D:2      | Killed Jessica
  2165 | D:2      | You fall through a shaft for 2 floors!
  2165 | D:4      | Noticed Grinder
  2174 | D:4      | Noticed Blork the orc
  2180 | D:4      | Slain by a howler monkey

Skill      XL: |  1  2  3  4 |
---------------+-------------+-----
Conjurations   | 5 |  5.2
Stealth        | 3 |  3.5
Dodging        | |  2.6
Spellcasting   | |  2.9

Action                   |  1- 3 |  4- 6 || total
-------------------------+-------+-------++-------
 Cast: Magic Dart        |    58 |     7 ||    65
       Searing Ray       |     4 |     6 ||    10
  Use: Scroll            |       |     1 ||     1
  Eat: Chunk             |    11 |     2 ||    13
Armor: Robe              |     1 |     3 ||     4
Dodge: Dodged            |     5 |    13 ||    18
